Map: Winter's Gate LE

Players

liquidthermy (uThermal) - Winner!

  • Race: Terran Terran
  • Spawn Location: 5:00

BlyOnFire (Bly)

  • Race: Zerg Zerg
  • League: Grandmaster
  • Spawn Location: 11:00

Event: HomeStory Cup XX

VOD

Have the link to the VOD?

Description

Time

  • Played on: Nov. 22, 2019, 10:24 a.m.
  • Length: 11:17

All games in this series

Show
View Real Time Build Order
Export as new Build Order

liquidthermy Terran - Winner!

Build Orders: Liberator Opening, Reaper Expand 

Get SALT Encoding   

  12  0:02  SCV  
  13  0:14  SCV  
  13  0:18  Supply Depot  
  14  0:26  SCV  
  15  0:40  Barracks, SCV  
  16  0:43  Refinery  
  16  0:52  SCV  
  17  1:04  SCV  
  18  1:16  SCV  
  19  1:28  Reaper  
  19  1:29  Orbital Command  
  20  1:39  Command Center  
  20  1:50  Supply Depot  
  20  1:55  SCV  
  20  2:00  Marine  
  22  2:07  SCV  
  23  2:10  Factory  
  23  2:14  Refinery  
  23  2:19  SCV  
  23  2:20  Barracks Reactor  
  24  2:31  SCV  
  25  2:43  SCV  
  26  2:52  Orbital Command  
  26  2:54  Starport  
  26  2:55  SCV  
  27  3:00  Hellion x2  
  27  3:04  Barracks Tech Lab  
  31  3:07  SCV  
  32  3:13  Liberator  
  32  3:17  SCV  
  32  3:19  SCV  
  34  3:21  Hellion x2  
  38  3:29  SCV  
  38  3:32  SCV  
  38  3:33  Supply Depot  
  43  3:42  SCV  
  43  3:43  Hellion  
  46  3:48  Supply Depot  
  46  3:54  Hellion, SCV x2  
  49  4:06  SCV x2  
  49  4:08  Command Center  
  51  4:11  Supply Depot  
  51  4:18  Marine, Stimpack, SCV  
  51  4:19  Starport Reactor  
  51  4:21  SCV  
  54  4:29  Factory Tech Lab  
  54  4:30  SCV  
  55  4:35  Marine  
  55  4:36  SCV, Barracks  
  55  4:37  Barracks  
  57  4:43  SCV  
  57  4:45  Engineering Bay  
  58  4:48  Engineering Bay  
  58  4:49  Siege Tank, SCV  
  62  4:53  Marine  
  62  4:55  SCV  
  62  4:59  Refinery  
  64  5:01  SCV  
  64  5:02  Refinery  
  64  5:03  Starport Reactor  
  65  5:07  SCV  
  65  5:12  Marauder  
  65  5:13  SCV  
  69  5:17  Terran Infantry Weapons Level 1, Terran Infantry Armor Level 1  
  69  5:19  SCV  
  70  5:26  SCV  
  70  5:27  Marine x2  
  73  5:28  Siege Tank  
  73  5:31  SCV  
  73  5:32  Supply Depot, Orbital Command  
  77  5:37  Marine  
  77  5:38  SCV  
  77  5:41  Marine, Medivac  
  79  5:46  Marine  
  79  5:48  Marine  
  77  5:50  Medivac  
  77  5:52  Marine  
  77  5:55  Marine  
  63  5:58  Marine  
  51  6:04  Marine  
  51  6:05  Marine  
  51  6:09  Marine  
  46  6:11  Medivac  
  46  6:13  Marine  
  46  6:16  Marine  
  45  6:22  Marine  
  45  6:23  Marine  
  47  6:27  Marine, Orbital Command  
  47  6:31  Marine  
  46  6:34  Marine  
  37  6:40  Marine  
  37  6:41  Marine  
  37  6:42  Siege Tank  
  37  6:45  Marine  
  43  6:48  SCV x2  
  43  6:53  SCV  
  43  6:54  Marine  
  47  6:55  Marine  
  47  6:59  Combat Shield  
  47  7:00  SCV x2  
  50  7:02  Marine  
  50  7:05  SCV  
  52  7:09  Marine  
  52  7:12  SCV  
  52  7:15  Siege Tank  
  56  7:17  Marine  
  56  7:21  Medivac, Orbital Command  
  58  7:24  Marine  
  58  7:28  Medivac  
  58  7:29  Marine x2  
  59  7:31  Marine  
  59  7:33  SCV  
  59  7:34  Marine  
  62  7:42  Marine  
  63  7:44  Supply Depot  
  63  7:46  Marine x2  
  63  7:47  Siege Tank  
  63  7:49  Marine  
  69  7:56  Marine  
  69  7:57  Orbital Command  
  66  8:00  Marine  
  66  8:04  Marine x2  
  62  8:07  Marine  
  62  8:12  Medivac  
  63  8:13  Marine  
  63  8:17  Marine  
  65  8:22  Marine x2  
  67  8:31  Marine  
  68  8:37  Marine  
  69  8:47  Marine  
  70  8:51  Marine  
  70  8:54  Marine x2  
  73  9:01  Marine  
  73  9:05  Marine  
  73  9:09  Marine  
  71  9:12  Marine  
  71  9:16  Marine  
  58  9:19  Marine  
  58  9:23  Marine  
  55  9:27  Marine  
  55  9:30  Marine  
  53  9:34  Marine  
  49  9:57  Marine  
  50  10:08  Marine  
  50  10:12  Medivac  
  52  10:20  Marine x2  
  52  10:28  Marine  
  52  10:29  Marine  
  54  10:38  Medivac  
  54  10:39  Marine  
  56  10:43  Marine  
  56  10:44  Marine  
  56  10:46  Marine  
  59  10:50  Marine  
  59  10:56  Marine  
Show
View Real Time Build Order
Export as new Build Order

BlyOnFire Zerg 

Build Orders: Hatch First 

Get SALT Encoding   

  12  0:01  Drone  
  13  0:11  Overlord  
  13  0:19  Drone  
  14  0:30  Drone x2  
  16  0:47  Hatchery  
  15  0:51  Drone  
  15  0:56  Drone  
  17  0:59  Drone  
  18  1:10  Extractor  
  17  1:14  Spawning Pool  
  17  1:17  Drone  
  17  1:21  Drone  
  18  1:30  Drone  
  19  1:38  Drone  
  20  1:48  Overlord  
  20  2:00  Queen x2  
  24  2:02  Zergling x4  
  26  2:09  Drone  
  26  2:11  Drone  
  28  2:20  Metabolic Boost  
  28  2:32  Hatchery  
  28  2:34  Drone x2  
  29  2:47  Queen  
  29  2:50  Drone x3  
  34  2:54  Overlord  
  34  2:57  Drone  
  35  3:01  Drone  
  36  3:09  Overlord  
  36  3:16  Drone x4  
  40  3:23  Drone  
  40  3:26  Overlord  
  41  3:34  Zergling x4  
  41  3:40  Overlord  
  43  3:44  Drone x4  
  47  3:57  Drone x5  
  47  3:59  Extractor  
  47  4:00  Extractor  
  47  4:01  Roach Warren  
  47  4:02  Drone  
  50  4:10  Overlord  
  50  4:12  Drone x3  
  53  4:18  Overlord  
  53  4:26  Zergling x4  
  55  4:42  Roach x10  
  75  4:55  Overlord  
  75  4:56  Zergling x6  
  78  5:05  Zergling x18  
  78  5:06  Overlord  
  87  5:12  Ravager x3  
  90  5:25  Zergling x12  
  97  5:28  Ravager x3  
  97  5:31  Zergling x2  
  93  5:47  Zergling x20  
  85  6:00  Roach x3  
  83  6:08  Roach  
  83  6:09  Roach x7  
  95  6:15  Roach  
  95  6:18  Lair  
  96  6:25  Zergling x2  
  88  6:39  Roach x10  
  98  6:45  Zergling x2  
  96  6:51  Extractor, Zergling x8  
  96  6:52  Evolution Chamber  
  97  6:55  Ravager  
  97  6:57  Overlord  
  98  7:01  Overlord  
  98  7:04  Overlord  
  97  7:21  Drone x12  
  96  7:31  Zerg Ground Armor Level 1, Drone x3  
  96  7:32  Glial Reconstitution  
  99  7:38  Drone x5  
  99  7:41  Extractor  
  99  7:42  Extractor  
  102  7:50  Hatchery, Ravager x2, Overlord  
  99  8:05  Roach x9  
  82  8:13  Drone x2  
  82  8:17  Roach x4  
  82  8:18  Hatchery  
  82  8:19  Evolution Chamber  
  90  8:20  Roach  
  90  8:21  Roach  
  90  8:24  Roach  
  96  8:28  Roach x2  
  100  8:35  Baneling Nest  
  99  8:46  Roach x8  
  113  8:49  Roach x2  
  110  9:03  Roach x5  
  110  9:06  Drone, Overlord  
  114  9:10  Drone, Overlord  
  114  9:15  Roach x5  
  101  9:23  Roach  
  101  9:24  Roach x2  
  81  9:26  Roach  
  57  9:32  Roach x2  
  61  9:39  Roach x2  
  63  9:47  Roach x3  
  65  9:56  Ravager x2  
  60  10:01  Roach  
  53  10:08  Roach x4  
  53  10:12  Ravager  
  63  10:28  Roach  
  61  10:32  Roach x2  
  65  10:36  Roach  
  65  10:37  Roach x2  
  70  10:47  Zergling x2  
  70  10:58  Zergling x2  
  70  10:59  Zergling x4  
Tags
 
Add a new tag
Caveats
  • Supply blocks, unpowered buildings, or Contaminate may cause inaccurate times.
  • Supply counts are checked every 10 seconds.